 Dungeon Crawl Stone Soup version bcrawl-1.41 (webtiles) character file.

Game seed: 59900281187290125

152160 yrara the Cudgeler (level 6, -1/47 HPs)
             Began as a Demonspawn Fighter on Mar 25, 2024.
             Slain by an ogre
             ... wielding the cursed +2 great mace of Destiny {freeze, rElec Str+2 Dex+3 Stlth+}
              (6 damage)
             ... on level 5 of the Dungeon.
             The game lasted 00:03:09 (4433 turns).

yrara the Cudgeler (Demonspawn Fighter)             Turns: 4433, Time: 00:03:09

Health: -1/47      AC:  7    Str: 22    XL:     6   Next: 64%
Magic:  7/7        EV: 10    Int: 10    God:
Gold:   351        SH:  0    Dex: 13    Spells: 5/5 levels left

rFire    . . .     GDR:     28% a - +1 flail
rCold    . . .     SeeInvis .   (no shield)
rNeg     . . .     Gourm    .   m - +0 scale mail (curse)
rPois    .         Faith    .   (helmet restricted)
rElec    .         Spirit   .   (no cloak)
rCorr    .         Reflect  .   (no gloves)
MR       .....                  (no boots)
Stlth    ..........             f - amulet of magic regeneration
HPRegen  0.17/turn              (no ring)
MPRegen  0.24/turn              (no ring)

@: mighty
A: antennae 1, claws 1, talons 1, spiny 1
a: no special abilities


You were on level 5 of the Dungeon.
You were not hungry.

You visited 1 branch of the dungeon, and saw 5 of its levels.

You collected 351 gold pieces.

Inventory:

Hand Weapons
 a - a +1 flail (weapon)
Missiles
 l - 561 arrows
Armour
 b - a +0 scale mail
 c - a +0 medium shield
 m - a cursed +0 scale mail (worn)
Jewellery
 f - an amulet of magic regeneration (around neck)
Wands
 o - a wand of flame (10)
 p - a wand of iceblast (6)
 u - a wand of digging (11)
Scrolls
 h - a scroll of teleportation
 i - 2 scrolls of noise
 q - a scroll of enchant weapon
 s - a scroll of fear
 w - a scroll of blinking
Potions
 g - 5 potions of curing
 j - 2 potions of heal wounds {unknown}
 k - 2 potions of berserk rage {unknown}
 n - 2 potions of degeneration {unknown}
 r - 2 potions of flight {unknown}
 v - 2 potions of mutation {unknown}
Comestibles
 e - 14 rations {!d}


   Skills:
 + Level 3.6 Fighting
 * Level 5.2 Maces & Flails
 + Level 4.0 Armour
 + Level 1.1 Dodging
 + Level 0.6 Stealth
 - Level 2.6 Shields


You had 5 spell levels left.
You didn't know any spells.
Your spell library contained the following spells:

 Spells                   Type           Power        Failure   Level  Hunger
 Magic Dart               Conj           #...         67%         1    None
 Blink                    Tloc           N/A          82%         2    ####...
 Call Imp                 Summ           #.....       82%         2    ####...
 Conjure Flame            Conj/Fire      #.......     96%         3    #####..
 Mephitic Cloud           Conj/Pois/Air  #.......     96%         3    #####..
 Spider Form              Tmut/Pois      #..          96%         3    #####..


Dungeon Overview and Level Annotations

Branches:
Dungeon (5/12)
 Temple: D:4-7

Altars:
Dithmenos
Lugonu
Makhleb
Nemelex Xobeh
Qazlal
Trog
Vehumet

Annotations:
D:3 1 runed translucent door, yrara's ghost, amateur DsFi
D:4 3 runed translucent doors, tauben's ghost, amateur GnAc
D:5 rumpelstilzz's ghost, novice TrWr


Innate Abilities, Weirdness & Mutations

You have a pair of small antennae on your head.
You have sharp fingernails.
You have sharp toenails.
You are partially covered in sharp spines.


Message History

There is a stone staircase leading up here.
The ogre shouts!
The ogre shouts!
Rumpelstilzz's ghost says very slowly, "There's no hope."
There is a transporter landing site here.
There is a transporter here.
Okay, then.
Okay, then.
You enter the transporter and appear at another place.
Rumpelstilzz's ghost shouts, "You will join me soon!"
The ogre hits you with the cursed +2 great mace of Destiny {freeze, rElec Str+2 Dex+3 Stlth+}!
The ogre freezes you.
There is a transporter here.
You enter the transporter and appear at another place.
You feel very mighty all of a sudden. The ogre is struck by your spines.
The ogre hits you with the cursed +2 great mace of Destiny {freeze, rElec Str+2 Dex+3 Stlth+}!!
* * * LOW HITPOINT WARNING * * *
The ogre freezes you.
You die...

.##.<# #.##.##.# .#...##
#.(.....# .##...###
##.......#
.##.....########...)...#
###..#.##©.....#.......#
# ###.###..##..#.......#
# #.# #W#..#.#.......# #
#.# #.#..#)#O......# #.#
#..##.O#@..##.##
#.###©....)#...##.#
#...#..##.$#©..##.# ##
#####.#..#.#......# .#
#.#..#.#.#.#### .####
#..##..#.#.# ....#
#......#...# .##.#
########.### .##.# ####


You could see 2 ogres.

Vanquished Creatures
  A sky beast (D:4)
  A scorpion (D:5)
  A bullfrog zombie (D:5)
  2 hounds (D:5)
  Terence (D:2)
  A hound skeleton (D:5)
  3 adders
  A shadow imp (D:4)
  An ooze (D:3)
  A worm (D:2)
  11 dart slugs
  6 leopard geckos
  5 orcs
  9 bats
  5 giant cockroaches
  9 hobgoblins
  6 jackals (D:2)
  A quokka (D:1)
  A ball python (D:4)
  6 frilled lizards
  7 goblins
  A jackal skeleton (D:4)
  A jackal zombie (D:5)
  5 kobolds
  A quokka zombie (D:4)
  3 rats
90 creatures vanquished.

Notes
Turn   | Place    | Note
-------+----------+-------------------------------------------
     0 | D:1      | yrara the Demonspawn Fighter began the quest for the Orb.
     0 | D:1      | Reached XP level 1. HP: 18/18 MP: 2/2
   234 | D:1      | Gained mutation: You are partially covered in sharp spines.
                  | [demonic ancestry]
   234 | D:1      | Reached XP level 2. HP: 7/24 MP: 3/3
   460 | D:1      | Reached skill level 2 in Maces & Flails
   752 | D:2      | Gained mutation: You have sharp toenails. [demonic
                  | ancestry]
   752 | D:2      | Reached XP level 3. HP: 29/29 MP: 4/4
   765 | D:2      | Noticed Terence
   777 | D:2      | Killed Terence
   778 | D:2      | Reached skill level 3 in Maces & Flails
   847 | D:2      | Gained mutation: You have sharp fingernails. [demonic
                  | ancestry]
   847 | D:2      | Reached XP level 4. HP: 33/35 MP: 5/5
  1167 | D:2      | Found a bloodstained altar of Trog.
  2008 | D:3      | Found a runed translucent door.
  2084 | D:3      | Found a shadowy altar of Dithmenos.
  2093 | D:3      | Found a corrupted altar of Lugonu.
  2101 | D:3      | Found a radiant altar of Vehumet.
  2101 | D:3      | Found a sparkling altar of Nemelex Xobeh.
  2153 | D:3      | Reached XP level 5. HP: 23/41 MP: 6/6
  2468 | D:3      | Noticed yrara's ghost (amateur DsFi)
  2547 | D:3      | Reached skill level 4 in Maces & Flails
  2985 | D:4      | Found a glowing golden altar of the Shining One.
  3006 | D:4      | Noticed a sky beast
  3017 | D:4      | Killed a sky beast
  3018 | D:4      | Reached skill level 1 in Dodging
  3055 | D:4      | Found a stormy altar of Qazlal.
  3168 | D:4      | Found a runed translucent gate.
  3168 | D:4      | Noticed tauben's ghost (amateur GnAc)
  3169 | D:4      | Found a runed translucent gate.
  3169 | D:4      | Noticed an orc warrior
  3170 | D:4      | Found a runed translucent gate.
  3171 | D:4      | Identified the cursed +1 hand axe "Ashuopuyg" {freeze, rN+
                  | Int+2}
  3171 | D:4      | Identified the cursed +0 scale mail of the Arcane {rPois
                  | Regen+}
  3173 | D:4      | Found a roughly hewn altar of Beogh.
  3242 | D:4      | Found a burning altar of Makhleb.
  3282 | D:4      | Gained mutation: You have a pair of small antennae on your
                  | head. [demonic ancestry]
  3282 | D:4      | Reached XP level 6. HP: 44/47 MP: 7/7
  3531 | D:5      | Entered Level 5 of the Dungeon
  3742 | D:5      | Reached skill level 5 in Maces & Flails
  4237 | D:5      | Identified the cursed +2 great mace of Destiny {freeze,
                  | rElec Str+2 Dex+3 Stlth+}
  4238 | D:5      | Noticed rumpelstilzz's ghost (novice TrWr)
  4242 | D:5      | Found a transporter.
  4263 | D:5      | Found a transporter.
  4433 | D:5      | Slain by an ogre

Skill      XL: |  1  2  3  4  5  6 |
---------------+-------------------+-----
Maces & Flails | 2 3 4 5 |  5.2
Armour         | 3 4 |  4.0
Dodging        | 1 |  1.1
Fighting       | |  3.6
Stealth        | |  0.6
Shields        | |  2.6

Action                   |  1- 3 |  4- 6 || total
-------------------------+-------+-------++-------
Melee: Flail             |    97 |   118 ||   215
       Kick              |     8 |    33 ||    41
  Use: Scroll            |     2 |     8 ||    10
       Potion            |       |     1 ||     1
  Eat: Chunk             |     3 |    11 ||    14
       Ration            |       |     1 ||     1
Armor: Scale mail        |    56 |    42 ||    98
Dodge: Dodged            |    56 |    64 ||   120
